 Dungeon Crawl Stone Soup version 0.28.0-53-g5a82cb258f (webtiles) character file.

Game seed: 11833604207968983107

2 SanguineChosen the Digger (level 1, 0/10 HPs)
             Began as a Gargoyle Earth Elementalist on July 23, 2022.
             Slain by a kobold
             ... wielding a +0 short sword
              (2 damage)
             ... on level 1 of the Dungeon.
             The game lasted 00:02:22 (103 turns).

SanguineChosen the Digger (GrEE)                     Turns: 103, Time: 00:02:22

Health: 0/10       AC:  4    Str: 11    XL:     1   Next: 40%
Magic:  0/3        EV: 11    Int: 15    God:
Gold:   0          SH:  0    Dex: 10    Spells: 3/4 levels left

rFire   . . .      SeeInvis .   (no weapon)
rCold   . . .      Faith    .   (no shield)
rNeg    + . .      Spirit   .   b - +0 robe
rPois   ∞          Reflect  .   (no helmet)
rElec   +          Harm     .   (no cloak)
rCorr   .          Rampage  .   (no gloves)
Will    .....                   (no boots)
Stlth   ++........              (no amulet)
HPRegen 0.03/turn               (no ring)
MPRegen 0.08/turn               (no ring)

@: no status effects
A: sickness immunity, AC +2, negative energy resistance 1, electricity
resistance, torment resistance 1, petrification resistance
a: no special abilities


You were on level 1 of the Dungeon.
You visited 1 branch of the dungeon, and saw 1 of its levels.

Inventory:

Missiles
 c - 24 stones
Armour
 b - a +0 robe (worn)
Scrolls
 a - a scroll of identify {unknown}


   Skills:
 + Level 1.5 Dodging
 + Level 2.1 Stealth
 + Level 2.0 Spellcasting
 + Level 0.7 Transmutations
 + Level 3.9 Earth Magic


You had 3 spell levels left.
You knew the following spells:

 Your Spells              Type           Power      Damage    Failure   Level
a - Sandblast             Erth           26%        2d8       4%          1

Your spell library contained the following spells:

 Spells                   Type           Power      Damage    Failure   Level
 Passwall                 Tmut/Erth      6%         N/A       13%         2
 Stone Arrow              Conj/Erth      14%        3d7       30%         3
 Petrify                  Tmut/Erth      8%         N/A       65%         4


Dungeon Overview and Level Annotations

Branches:
Dungeon (1/15)

Altars:


Innate Abilities, Weirdness & Mutations

You are immune to sickness and miasma.
Your stone body is resilient. (AC +2)
You are immune to poison.
You resist negative energy. (rN+)
You are resistant to electric shocks. (rElec)
You are resistant to unholy torment.
You are immune to petrification.


Message History

Aim: a kobold, wielding a +0 short sword (74% to hit)
You miscast Sandblast.
You are very lightly contaminated with residual magic.
Nothing appears to happen.
You don't have enough magic to cast this spell.
You closely miss the kobold. The kobold barely misses you.
The kobold hits you with a +0 short sword.
Your magical contamination has completely faded away.
Aiming: Sandblast (safe; 4% risk of failure)
Press: ? - help, Q - select action, (/) - cycle Shift-Dir - straight line, f/p - kobold
Aim: a kobold, wielding a +0 short sword (74% to hit)
The blast of sand hits the kobold but does no damage.
The kobold hits you with a +0 short sword.
Ouch! That really hurt!
You don't have enough magic to cast this spell.
You hit the kobold.
The kobold is severely wounded.
The kobold barely misses you.
You barely miss the kobold.
The kobold is severely wounded.
The kobold hits you with a +0 short sword.
* * * LOW HITPOINT WARNING * * *
You miss the kobold.
The kobold is severely wounded.
The kobold hits you but does no damage.
You barely miss the kobold.
The kobold is severely wounded.
The kobold barely misses you.
Aiming: Sandblast (safe; 4% risk of failure)
Press: ? - help, Q - select action, (/) - cycle Shift-Dir - straight line, f/p - kobold
Aim: a kobold, wielding a +0 short sword (severely wounded, 74% to hit)
The blast of sand hits the kobold but does no damage.
The kobold is severely wounded.
The kobold hits you but does no damage.
You barely miss the kobold.
The kobold is severely wounded.
The kobold hits you with a +0 short sword.
* * * LOW HITPOINT WARNING * * *
The kobold hits you with a +0 short sword.
You die...

##...<...#####..##
##.........##
##..##
##...........##
##..##
#......#......##
##..##
......###......##
##..# .....##
##......## ##.##
....## ##......##
#..# ...##
##......####.#
..## ##[..@......#
.. #...K..####.#
.. #......## ..#
.. #......## .##
.. #......## .. #.
#......## .#
......## .# .....#
...#


You could see a kobold.

Vanquished Creatures
  A giant cockroach (D:1)
  A hobgoblin (D:1)
2 creatures vanquished.

Notes
Turn   | Place    | Note
-------+----------+-------------------------------------------
     0 | D:1      | SanguineChosen the Gargoyle Earth Elementalist began the
                  | quest for the Orb.
     0 | D:1      | Reached XP level 1. HP: 10/10 MP: 3/3
   103 | D:1      | Slain by a kobold

Illustrated notes

Levels and vault maps discovered:
D:1:      dpeg_arrival_central, layout_loops_corners,
          ebering_ecumenical_altar_webs

Action                   || total
-------------------------++-------
Melee: Unarmed           ||     6
 Cast: Sandblast         ||     6
Armor: Robe              ||     2
Dodge: Dodged            ||     3
